 Dungeon Crawl Stone Soup version 0.29-a0-993-g4a18f31a58 (webtiles) character file.

Game seed: 248824490122082740

504 OrkChasm the Ruffian (level 7, -1/60 HPs)
             Began as a Gnoll Cinder Acolyte on Aug 2, 2022.
             Was a High Priest of Ignis.
             Slain by a gnoll
             ... wielding a +0 flail
             ... led by a gnoll bouda
              (7 damage)
             ... on level 4 of the Dungeon.
             The game lasted 00:26:53 (3157 turns).

OrkChasm the Ruffian (Gnoll Cinder Acolyte)         Turns: 3157, Time: 00:26:53

Health: -1/60      AC:  2    Str: 13    XL:     7   Next: 17%
Magic:  2/12       EV: 16    Int: 16    God:    Ignis [*****.]
Gold:   257        SH:  0    Dex:  7    Spells: 11/13 levels left

rFire   + . .      SeeInvis .   y - +2 short sword (venom)
rCold   . . .      Faith    .   x - orb {mayhem}
rNeg    . . .      Spirit   .   a - +0 robe
rPois   .          Reflect  .   (no helmet)
rElec   .          Harm     .   (no cloak)
rCorr   .          Rampage  .   (no gloves)
Will    +....                   (no boots)
Stlth   ++........              m - amulet of regeneration
HPRegen 1.00/turn               h - ring of willpower
MPRegen 0.13/turn               s - +4 ring of evasion

@: no status effects
A: fangs 1, strong nose, distributed training
a: Renounce Religion, Fiery Armour, Foxfire Swarm, Rising Flame


You were on level 4 of the Dungeon.
You worshipped Ignis.
Ignis was extremely pleased with you.
You visited 1 branch of the dungeon, and saw 4 of its levels.

You collected 257 gold pieces.

Inventory:

Hand Weapons
 y - a +2 short sword of venom (weapon)
Armour
 a - a +0 robe (worn)
 e - an orb of energy
 x - an orb of mayhem (worn)
Jewellery
 h - a ring of willpower (left hand)
 m - an amulet of regeneration (around neck)
 o - an amulet of faith
 q - a ring of flight
 s - a +4 ring of evasion (right hand)
Scrolls
 b - 6 scrolls of identify {unknown}
 c - 2 scrolls of brand weapon {unknown}
 d - 2 scrolls of noise {unknown}
 j - 2 scrolls of acquirement {unknown}
 l - a scroll of silence {unknown}
 p - 2 scrolls of butterflies {unknown}
 r - 2 scrolls of teleportation {unknown}
 t - a scroll of magic mapping {unknown}
 v - a scroll of enchant armour {unknown}
 w - a scroll of immolation {unknown}
Potions
 f - a potion of heal wounds {unknown}
 g - a potion of flight {unknown}
 i - a potion of resistance {unknown}
 k - a potion of lignification {unknown}
 n - a potion of haste
 u - 2 potions of mutation {unknown}


   Skills:
 + Level 7.0 Fighting
 + Level 2.4 Short Blades
 + Level 2.4 Long Blades
 + Level 2.4 Axes
 + Level 2.4 Maces & Flails
 + Level 2.4 Polearms
 + Level 2.4 Staves
 + Level 2.4 Ranged Weapons
 + Level 2.4 Throwing
 + Level 2.4 Armour
 + Level 2.4 Dodging
 + Level 2.4 Stealth
 + Level 2.4 Shields
 + Level 7.0 Unarmed Combat
 + Level 3.7 Spellcasting
 + Level 2.0 Conjurations
 + Level 2.0 Hexes
 + Level 2.0 Summonings
 + Level 2.0 Necromancy
 + Level 2.0 Translocations
 + Level 2.0 Transmutations
 + Level 5.8 Fire Magic
 + Level 2.0 Ice Magic
 + Level 2.0 Air Magic
 + Level 2.0 Earth Magic
 + Level 2.0 Poison Magic
 + Level 2.6 Invocations
 + Level 2.4 Evocations


You had 11 spell levels left.
You knew the following spells:

 Your Spells              Type           Power      Damage    Failure   Level
a - Scorch                Fire           42%        2d7       2%          2

Your spell library contained the following spells:

 Spells                   Type           Power      Damage    Failure   Level


Dungeon Overview and Level Annotations

Branches:
Dungeon (4/15)             Temple (0/1) D:4

Altars:

Shops:
D:2 *!*   D:3 [


Innate Abilities, Weirdness & Mutations

You have very sharp teeth.
Your uncanny sense of smell can sniff out nearby items.
Your experience applies equally to all skills.


Message History

You finish putting on your orb of mayhem.
Casting: Scorch (safe; 2% risk of failure)
Confirm with . or Enter, or press ? or * to list all spells.
Flames lash the gnoll.
The gnoll is moderately wounded.
The gnoll's fire resistance burns away.
You kill the gnoll bouda!
The gnoll is no longer moving quickly.
Your Conjurations skill increases to level 2!
Your Hexes skill increases to level 2!
Your Summonings skill increases to level 2!
Your Necromancy skill increases to level 2!
Your Translocations skill increases to level 2!
Your Transmutations skill increases to level 2!
Your Ice Magic skill increases to level 2!
Your Air Magic skill increases to level 2!
Your Earth Magic skill increases to level 2!
Your Poison Magic skill increases to level 2!
Casting: Scorch (safe; 2% risk of failure)
Confirm with . or Enter, or press ? or * to list all spells.
Flames lash the gnoll.
The gnoll is moderately wounded.
The gnoll's fire resistance burns away.
The gnoll hits you with a +0 flail.
* * * LOW HITPOINT WARNING * * *
The gnoll attacks as you move away! The gnoll closely misses you. x2
There is an open door, spattered with blood here.
You hit the gnoll.
The gnoll is poisoned.
The gnoll is lightly wounded.
The gnoll is no longer more vulnerable to fire.
The gnoll closely misses you.
The gnoll is no longer moving quickly.
The gnoll is no longer more vulnerable to fire.
The gnoll is no longer moving quickly.
The gnoll attacks as you move away! The gnoll closely misses you.
The gnoll attacks as you move away! The gnoll completely misses you.
The gnoll attacks as you move away! The gnoll hits you with a +0 flail.
* * * LOW HITPOINT WARNING * * *
Your attacks no longer feel as feeble.
The gnoll hits you with a +0 flail!
You die...

##.####.##### ###
#...........#
....##...........# ∆
#.[....##...#..## #
####..#..#.#....#.#
##.#....#..#...# .
#..#....##..# ####.
##.....>.....# #..g.
#.@.##....#..# # #..(#
##g.#..#....#.# #.#..g.
##......#.#..#.### #...#.##
##g.....#...##....####
##...####g...................#
#....))g'.........'...........
##...####.........###....#.#.#
##.## ##.......## #.#.## . #.#
##.....## #.##.#


You could see 4 gnolls.

Vanquished Creatures
  Sigmund (D:4)
  A gnoll bouda (D:4)
  An orc priest (D:3)
  Jessica (D:3)
  Natasha (thrice) (D:3)
  An orc wizard (D:3)
  4 gnolls
  3 adders
  3 worms (D:2)
  A dart slug (D:1)
  11 orcs (D:3)
  6 ball pythons
  4 endoplasms
  3 giant cockroaches
  6 goblins
  6 hobgoblins
  3 jackals (D:2)
  3 quokkas
  A bat (D:2)
  2 frilled lizards
  3 kobolds
  4 rats
71 creatures vanquished.

Notes
Turn   | Place    | Note
-------+----------+-------------------------------------------
     0 | D:1      | OrkChasm the Gnoll Cinder Acolyte began the quest for the
                  | Orb.
     0 | D:1      | Reached XP level 1. HP: 23/23 MP: 4/4
   346 | D:1      | Reached XP level 2. HP: 25/29 MP: 5/5
   364 | D:1      | Learned a level 2 spell: Scorch
   803 | D:2      | Reached XP level 3. HP: 32/35 MP: 7/7
   822 | D:2      | Reached skill level 1 in Invocations
   975 | D:2      | Reached skill level 1 in Short Blades
   975 | D:2      | Reached skill level 1 in Long Blades
   975 | D:2      | Reached skill level 1 in Axes
   975 | D:2      | Reached skill level 1 in Maces & Flails
   975 | D:2      | Reached skill level 1 in Polearms
   975 | D:2      | Reached skill level 1 in Staves
   975 | D:2      | Reached skill level 1 in Ranged Weapons
   975 | D:2      | Reached skill level 1 in Throwing
   975 | D:2      | Reached skill level 1 in Armour
   975 | D:2      | Reached skill level 1 in Dodging
   975 | D:2      | Reached skill level 1 in Stealth
   975 | D:2      | Reached skill level 1 in Shields
   975 | D:2      | Reached skill level 1 in Evocations
   984 | D:2      | Reached XP level 4. HP: 41/41 MP: 3/8
   988 | D:2      | Found Nocyaq's General Store.
  1029 | D:2      | Found Osa Ramp's Distillery.
  1059 | D:2      | Found Faibicu's Assorted Antiques.
  1087 | D:2      | Reached skill level 1 in Conjurations
  1087 | D:2      | Reached skill level 1 in Hexes
  1087 | D:2      | Reached skill level 1 in Summonings
  1087 | D:2      | Reached skill level 1 in Necromancy
  1087 | D:2      | Reached skill level 1 in Translocations
  1087 | D:2      | Reached skill level 1 in Transmutations
  1087 | D:2      | Reached skill level 1 in Ice Magic
  1087 | D:2      | Reached skill level 1 in Air Magic
  1087 | D:2      | Reached skill level 1 in Earth Magic
  1087 | D:2      | Reached skill level 1 in Poison Magic
  1745 | D:3      | Noticed Natasha
  1761 | D:3      | Killed Natasha
  1762 | D:3      | Reached XP level 5. HP: 14/47 MP: 9/9
  1869 | D:3      | Noticed Natasha
  1885 | D:3      | Killed Natasha
  1890 | D:3      | Noticed Natasha
  1893 | D:3      | Killed Natasha
  2022 | D:3      | Reached XP level 6. HP: 21/53 MP: 9/11
  2038 | D:3      | Found Tiwuabre's Armour Shoppe.
  2118 | D:3      | Noticed Jessica
  2126 | D:3      | Killed Jessica
  3052 | D:4      | Found a staircase to the Ecumenical Temple.
  3109 | D:4      | Noticed Sigmund
  3128 | D:4      | Killed Sigmund
  3129 | D:4      | Reached XP level 7. HP: 31/60 MP: 2/12
  3142 | D:4      | HP: 3/60 [gnoll bouda/+0 club (9)]
  3149 | D:4      | HP: 3/60 [gnoll/+0 flail[a gnoll bouda] (6)]
  3155 | D:4      | HP: 3/60 [gnoll/+0 flail[a gnoll bouda] (5)]
  3157 | D:4      | Slain by a gnoll

Illustrated notes

Levels and vault maps discovered:
D:1:      dpeg_arrival_rooms_with_view, layout_loops_ring
D:2:      layout_loops_ring, serial_shops, shop, nicolae_diamond_shop,
          nicolae_shop_temple_entry_statues_fountains
D:3:      layout_loops_ring, serial_shops, nicolae_shop_stone,
          chequers_serial_rivers_micro_c, minivault_23,
          hangedman_feature_mirror, uniq_natasha, uniq_jessica
D:4:      layout_loops_corners, minmay_temple_entry_mini_moons, uniq_sigmund

Skill      XL: |  1  2  3  4  5  6  7 |
---------------+----------------------+-----
Invocations    | 1 2 |  2.6
Short Blades   | 1 2 |  2.4
Long Blades    | 1 2 |  2.4
Axes           | 1 2 |  2.4
Maces & Flails | 1 2 |  2.4
Polearms       | 1 2 |  2.4
Staves         | 1 2 |  2.4
Ranged Weapons | 1 2 |  2.4
Throwing       | 1 2 |  2.4
Armour         | 1 2 |  2.4
Dodging        | 1 2 |  2.4
Stealth        | 1 2 |  2.4
Shields        | 1 2 |  2.4
Evocations     | 1 2 |  2.4
Spellcasting   | 3 |  3.7
Conjurations   | 1 2 |  2.0
Hexes          | 1 2 |  2.0
Summonings     | 1 2 |  2.0
Necromancy     | 1 2 |  2.0
Translocations | 1 2 |  2.0
Transmutations | 1 2 |  2.0
Ice Magic      | 1 2 |  2.0
Air Magic      | 1 2 |  2.0
Earth Magic    | 1 2 |  2.0
Poison Magic   | 1 2 |  2.0
Fighting       | 7 |  7.0
Unarmed Combat | 7 |  7.0
Fire Magic     | |  5.8

Action                   |  1- 3 |  4- 6 |  7- 9 || total
-------------------------+-------+-------+-------++-------
Melee: Unarmed           |    53 |    73 |       ||   126
       Bite              |     3 |     4 |     1 ||     8
       Punch             |     2 |     4 |     1 ||     7
       Short sword       |       |    21 |    13 ||    34
 Cast: Scorch            |    10 |    28 |     2 ||    40
Armor: Robe              |    12 |    16 |       ||    28
Dodge: Dodged            |    37 |    54 |    13 ||   104

Table legend: (Time is in decaauts)
 A = Elapsed time spent in this place.
 B = Non-inter-level travel time spent in this place.
 C = Inter-level travel time spent in this place.
 D = Time resting spent in this place.
 E = Time spent auto-exploring this place.
 F = Levels seen in this place.
 G = Mean time per level.
                   A        B        C        D        E       F      G
               +--------+--------+--------+--------+--------+-----+--------+
         Total |   3139 |   2439 |    700 |    157 |      0 |   4 |  784.8 |
       Dungeon |   3139 |   2439 |    700 |    157 |      0 |   4 |  784.8 |
               +--------+--------+--------+--------+--------+-----+--------+

Top non-repeatable levels by time:
     D:3: 1224 daAuts
     D:2: 889 daAuts
     D:1: 749 daAuts
     D:4: 275 daAuts
